 Dungeon Crawl Stone Soup version 0.30-a0-782-ge64f9170bb (console) character file.

Game seed: 6850305180645627425

92 petzl the Sneak (level 4, -4/35 HPs)
             Began as a Formicid Delver on Feb 18, 2023.
             Killed by divine providence
             ... invoked by an orc priest
              (8 damage)
             ... on level 3 of the Dungeon on Feb 19, 2023.
             The game lasted 00:09:14 (2296 turns).

petzl the Sneak (Formicid Delver)                   Turns: 2296, Time: 00:09:15

Health: -4/35      AC: 13    Str: 16    XL:     4   Next: 90%
Magic:  9/9        EV: 12    Int: 12    God:
Gold:   167        SH:  0    Dex: 15    Spells: 10/10 levels left

rFire   . . .      SeeInvis +    a - +0 rapier
rCold   . . .      Faith    .    (no shield)
rNeg    . . .      Spirit   .    y - +0 leather armour
rPois   .          Reflect  .    (helmet unavailable)
rElec   .          Harm     .    w - +0 cloak
rCorr   .          Rampage  .    (no gloves)
Will    .....                    p - +0 pair of boots
Stlth   +++                      (no amulet)
HPRegen 0.25/turn                k - +4 ring of protection
MPRegen 0.11/turn                u - +4 ring of protection

@: no status effects
A: permanent stasis, dig shafts and tunnels, antennae 3, four strong arms
a: Dig, Shaft Self


You were on level 3 of the Dungeon.
You visited 1 branch of the dungeon, and saw 6 of its levels.

You collected 167 gold pieces.

Inventory:

Hand Weapons
 a - a +0 rapier (weapon)
 b - a +2 heavy falchion
Missiles
 j - 12 stones (quivered)
 o - 5 datura-tipped darts
 s - a throwing net
Armour
 p - a +0 pair of boots (worn)
 w - a +0 cloak (worn)
 y - a +0 leather armour (worn)
Jewellery
 k - a +4 ring of protection (left hand)
 u - a +4 ring of protection (right hand)
Wands
 f - a wand of digging (3)
Scrolls
 c - a scroll of fog
 d - a scroll of magic mapping
 e - a scroll of fear
 h - a scroll of blinking {unknown}
 l - 3 scrolls of identify
 q - a scroll of torment {unknown}
 t - a scroll of amnesia
Potions
 g - a potion of mutation {unknown}
 i - a potion of ambrosia {unknown}
 m - 2 potions of invisibility {unknown}
 n - 2 potions of curing {unknown}
 r - a potion of might {unknown}
 v - 2 potions of resistance {unknown}
 x - a potion of heal wounds {unknown}


   Skills:
 - Level 3.3 Fighting
 - Level 2.0 Maces & Flails
 - Level 1.8 Dodging
 - Level 6.0 Stealth
 + Level 3.9 Spellcasting


You had 10 spell levels left.
You didn't know any spells.
Your spell library contained the following spells:

 Spells                   Type           Power      Damage    Failure   Level
 Summon Small Mammal      Summ           8%         N/A       28%         1
 Call Canine Familiar     Summ           2%         N/A       63%         3
 Summon Guardian Golem    Hex/Summ       2%         N/A       63%         3


Dungeon Overview and Level Annotations

Branches:
Dungeon (6/15)
 Temple: D:4-7

Altars:

Annotations:
D:2 Sigmund


Innate Abilities, Weirdness & Mutations

You cannot be hasted, slowed, berserked, paralysed or teleported.
You can dig through walls and to a lower floor.
You have a pair of large antennae on your head. (SInv)
Your four strong arms can wield two-handed weapons with a shield.


Message History

The orc is almost dead.
You hit the orc.
You kill the orc!
An orc comes into view. It is wielding a +0 flail.
The orc priest closely misses you.
Things that are here:
a +0 hand axe {!f =f}; 4 stones; 20 gold pieces You hit the orc priest.
The orc priest is moderately wounded.
The orc priest hits you but does no damage.
You barely miss the orc priest.
The orc priest is moderately wounded.
The orc priest hits you with a +0 hand axe.
You closely miss the orc priest. You punch the orc priest.
The orc priest is moderately wounded.
The orc priest hits you but does no damage.
You hit the orc priest.
The orc priest is moderately wounded.
The orc priest barely misses you.
The orc priest invokes the aid of Beogh against you.
Pain shoots through your body!
You completely miss the orc priest.
The orc priest is moderately wounded.
The orc priest hits you but does no damage.
You hit the orc priest.
The orc priest is heavily wounded.
The orc priest barely misses you.
You hit the orc priest.
The orc priest is almost dead.
The orc priest mumbles some strange prayers to Beogh against you.
Beogh smites you!
* * * LOW HITPOINT WARNING * * *
Are you sure you want to shaft yourself?
The orc priest calls down the wrath of Beogh upon you.
Pain shoots through your body!
* * * LOW HITPOINT WARNING * * *
You begin to dig a shaft.
You continue digging a shaft.
The orc priest invokes the aid of Beogh against you.
Beogh smites you!
You die...

#.##.# ### ##.###.### #.##.# #..
..........# #.##.# #.#
###.###.#.# #.##.# #.# #.#
#.#.### #....# #.# #.# #.....#
####.###.#####<# #.###.#######
#...........###.# #........
#.###.##........###........
.....................#>#####
#.##.#............######.# #
................# #.#
{.............o..# #.# ###
............o....# #.###..
.#.###..#........# #.##...
#..####.###.## #......
#.#.###......## ####... ##.#
#.##.......### ##.# #.#
##@oo........#####.#
#.###.##.#.#.###........
#.#.......### #######.#
#.........# #.# #.........# #.#
###.......# #.# #..# ##...#..#
#.# #..# ##)##..# #.#
#..#######...#.># #.#
#..#.......#....######## #.#
.###.[#.#####...#.......... ..#
....................############
####.######....####.##).....†...
#.# #.#### #.##.######### #.#
#.# #.##.# #.# #.# #....# #.#
#.# ###### #.# #.#


You could see an orc priest and an orc.

Vanquished Creatures
  2 adders (D:2)
  2 dart slugs
  3 orcs
  7 ball pythons
  8 bats
  9 endoplasms
  A giant cockroach (D:2)
  7 hobgoblins
  4 jackals (D:1)
  2 quokkas
  4 frilled lizards
  3 goblins
  4 kobolds
  5 rats
61 creatures vanquished.

Notes
Turn   | Place    | Note
-------+----------+-------------------------------------------
     0 | D:5      | petzl the Formicid Delver began the quest for the Orb.
     0 | D:5      | Reached XP level 1. HP: 18/18 MP: 1/1
    56 | D:6      | Noticed a scorpion
   152 | D:5      | Noticed an orc priest
   302 | D:2      | Reached skill level 1 in Spellcasting
   348 | D:2      | Reached XP level 2. HP: 24/24 MP: 3/3
   759 | D:1      | Reached XP level 3. HP: 24/29 MP: 6/6
  1167 | D:1      | Reached XP level 4. HP: 35/35 MP: 8/8
  1467 | D:1      | Found a faded altar of an unknown god.
  1644 | D:2      | Noticed Sigmund
  1648 | D:2      | You fall into a shaft and drop 1 floor!
  2296 | D:3      | Killed from afar by an orc priest

Illustrated notes

Levels and vault maps discovered:
D:1:      dpeg_arrival_arbitrary_b, layout_basic, basic_ecumenical_altar,
          minmay_tetromino_i4
D:2:      layout_loops_ring, kennysheep_nondescript, serial_bayou_pond_e,
          uniq_sigmund
D:3:      layout_loops_ring
D:4:      minmay_opposing_rooms, layout_gridville, vehumet_statue
D:5:      layout_basic, lightli_ossuary_entry_decrepit_ruins, corner_web_ring
D:6:      layout_basic, minmay_temple_entry_gardened_gates,
          gammafunk_ghost_nasty_kobolds, chequers_decorated_corner,
          amcnicky_mini_pool_small

Skill      XL: |  1  2  3 |
---------------+----------+-----
Spellcasting   | 1 2 3 |  3.9
Fighting       | |  3.3
Maces & Flails | |  2.0
Dodging        | |  1.8
Stealth        | |  6.0

Action                     |  1- 3 |  4- 6 || total
---------------------------+-------+-------++-------
  Melee: Mace              |    90 |    35 ||   125
         Rapier            |       |    40 ||    40
         Punch             |       |     1 ||     1
  Throw: Stone             |     1 |    10 ||    11
Ability: Shaft Self        |       |     2 ||     2
    Use: Scroll            |       |     1 ||     1
   Stab: Sleeping          |     4 |     9 ||    13
 Armour: Leather armour    |    38 |    37 ||    75
  Dodge: Dodged            |    58 |    67 ||   125

Table legend: (Time is in decaauts)
 A = Elapsed time spent in this place.
 B = Non-inter-level travel time spent in this place.
 C = Inter-level travel time spent in this place.
 D = Time resting spent in this place.
 E = Time spent auto-exploring this place.
 F = Levels seen in this place.
 G = Mean time per level.
                   A        B        C        D        E       F      G
               +--------+--------+--------+--------+--------+-----+--------+
         Total |   2340 |   2222 |    118 |     18 |   1212 |   6 |  390.0 |
       Dungeon |   2340 |   2222 |    118 |     18 |   1212 |   6 |  390.0 |
               +--------+--------+--------+--------+--------+-----+--------+

Top non-repeatable levels by time:
     D:1: 861 daAuts
     D:3: 681 daAuts
     D:2: 554 daAuts
     D:5: 114 daAuts
     D:4: 85 daAuts
     D:6: 42 daAuts
